 Dungeon Crawl Stone Soup version 0.19-a0-593-gf2cdb02 (webtiles) character file.

316257 epen the Bewitcher (level 20, -5/102 HPs)
             Began as a Spriggan Enchanter on June 8, 2016.
             Was an Initiate of Gozag.
             Slain by a stone giant (38 damage)
             ... on level 3 of the Vaults on June 10, 2016.
             The game lasted 02:40:02 (54706 turns).

epen the Bewitcher (Spriggan Enchanter)            Turns: 54706, Time: 02:40:03

Health: -5/102     AC:  8    Str:  6    XL:     20   Next: 53%
Magic:  30/38      EV: 36    Int: 18    God:    Gozag
Gold:   3422       SH:  0    Dex: 34    Spells: 11 memorised, 5 levels left

rFire  + . .     SeeInvis +     q - +11 quick blade of Midwinter {vamp, rF+ Stlth+}
rCold  . . .     Gourm    .     s - +1 troll leather armour
rNeg   + . .     Faith    .     (shield restricted)
rPois  .         Spirit   .     L - +0 mask of the Dragon {MR+ Slay+3 SInv}
rElec  .         Dismiss  .     N - +2 cloak "Toipronnai" {Str+2 Dex+4}
rCorr  .         Reflect  .     (gloves unavailable)
SustAt .         Harm     .     (boots unavailable)
MR     +++++     Clarity  +     P - amulet of the Four Winds {rN+ MR+++ Clar}
Stlth  +++++++++.               H - ring of Kufrecs {Wiz Dex+2}
                                M - +4 ring of dexterity

@: gold aura, repel missiles, very quick, almost entirely resistant to hostile
enchantments, incredibly stealthy
A: unfitting armour, see invisible, herbivore 3, speed 3, slow metabolism 2
a: Potion Petition, Call Merchant, Bribe Branch, Renounce Religion
}: 2/15 runes: decaying, gossamer


You were on level 3 of the Vaults.
You worshipped Gozag.
Gozag was noncommittal.
You were not hungry.

You visited 8 branches of the dungeon, and saw 40 of its levels.
You also visited: Ice Cave.

You collected 18408 gold pieces.
You spent 1827 gold pieces at shops.
You paid 13159 gold pieces to Gozag.

Inventory:

Hand Weapons
 q - the +11 quick blade of Midwinter (weapon) {vamp, rF+ Stlth+}
   (You acquired it on level 8 of the Lair of Beasts)

   It inflicts no extra harm, but heals its wielder somewhat when it strikes a
   living foe.
   It protects you from fire.
   It makes you more stealthy.
 u - a +1 dagger of electrocution
Missiles
 b - 19 needles of confusion
 i - 2 throwing nets (quivered)
Armour
 c - a +1 buckler of positive energy
 s - a +1 troll leather armour (worn)
 L - the +0 mask of the Dragon (worn) {MR+ Slay+3 SInv}
   (You bought it in a shop on level 10 of the Dungeon)

   It affects your accuracy and damage with ranged weapons and melee attacks
   (+3).
   It affects your resistance to hostile enchantments.
   It lets you see invisible.
 N - the +2 cloak "Toipronnai" (worn) {Str+2 Dex+4}
   (You found it on level 4 of the Spider Nest)

   It affects your strength (+2).
   It affects your dexterity (+4).
Jewellery
 D - an uncursed amulet of guardian spirit {unknown}
 H - the ring of Kufrecs (right hand) {Wiz Dex+2}
   (You took it off a deep elf annihilator on level 3 of the Elven Halls)

   [ring of wizardry]

   It improves your spell success rate.
   It affects your dexterity (+2).
 M - a +4 ring of dexterity (left hand)
 P - the amulet of the Four Winds (around neck) {rN+ MR+++ Clar}
   (You bought it in a shop on level 10 of the Dungeon)

   [amulet of nothing]

   It protects you from negative energy.
   It affects your resistance to hostile enchantments.
   It protects you against confusion.
 Y - an uncursed ring of protection from cold
 Z - an uncursed ring of resist corrosion
Wands
 r - a wand of disintegration (13/24)
 t - a wand of digging (15/24)
 I - a wand of disintegration (22/24)
 J - a wand of teleportation (5/9)
 R - a wand of hasting (5/9)
 T - a wand of heal wounds (3/9)
 X - a wand of teleportation (2/9)
Scrolls
 a - 4 scrolls of fear
 f - 16 scrolls of remove curse
 h - 13 scrolls of identify
 j - 9 scrolls of enchant armour
 k - 8 scrolls of teleportation
 p - 4 scrolls of fog
 w - a scroll of silence
 y - 6 scrolls of recharging
 B - 4 scrolls of magic mapping
 F - 3 scrolls of blinking
 G - 8 scrolls of amnesia
 S - a scroll of holy word
 V - 2 scrolls of enchant weapon
Potions
 g - 4 potions of brilliance
 l - 8 potions of might
 m - 4 potions of cancellation
 o - 17 potions of curing
 v - 7 potions of haste
 x - 11 potions of agility
 z - 7 potions of ambrosia
 A - 2 potions of magic
 C - 5 potions of flight
 O - 2 potions of invisibility
 W - 2 potions of berserk rage
Books
 e - a book of Misfortune

   Spells                             Type                      Level
   a - Confusing Touch                Hexes                        2
   b - Confuse                        Hexes                        3
   c - Gell's Gravitas                Hexes/Translocation          3
   d - Petrify                        Transmutation/Earth          4
   e - Metabolic Englaciation         Hexes/Ice                    5
   f - Yara's Violent Unravelling     Hexes/Transmutation          5
 n - the Catalogue of Snow and Intoxication
   (You found it on level 3 of the Swamp)

   Spells                             Type                      Level
   a - Sting                          Conjuration/Poison           1
   b - Throw Icicle                   Conjuration/Ice              4
   c - Olgreb's Toxic Radiance        Poison                       4
   d - Venom Bolt                     Conjuration/Poison           5
   e - Bolt of Cold                   Conjuration/Ice              6
 Q - a book of Enchantments

   Spells                             Type                      Level
   a - Cause Fear                     Hexes                        4
   b - Yara's Violent Unravelling     Hexes/Transmutation          5
   c - Silence                        Hexes/Air                    5
   d - Deflect Missiles               Charms/Air                   6
   e - Haste                          Charms                       6
   f - Discord                        Hexes                        8
 U - a book of Dreams

   Spells                             Type                      Level
   a - Ensorcelled Hibernation        Hexes/Ice                    2
   b - Silence                        Hexes/Air                    5
   c - Darkness                       Hexes                        6
   d - Shadow Creatures               Summoning                    6
Miscellaneous
 E - 2 sacks of spiders
Comestibles
 d - 10 bread rations
 K - 63 fruits


   Skills:
 + Level 9.8 Fighting
 * Level 16.7 Short Blades
 + Level 10.6 Throwing
 + Level 15.9 Dodging
 + Level 17.1 Stealth
 * Level 6.9 Shields
 + Level 13.4 Spellcasting
 - Level 6.2 Conjurations
 * Level 18.7 Hexes
 + Level 12.9 Charms
 + Level 12.9 Translocations
 + Level 4.8 Air Magic
 + Level 6.0 Evocations


You had 5 spell levels left.
You knew the following spells:

 Your Spells              Type           Power        Failure   Level  Hunger
a - Repel Missiles        Chrm/Air       #####.       1%          2    None
b - Ensorcelled Hibernat  Hex/Ice        #####.       1%          2    None
c - Confuse               Hex            ######..     0%          3    None
d - Tukima's Dance        Hex            ######..     0%          3    None
e - Dazzling Spray        Conj/Hex       ######       1%          3    None
f - Apportation           Tloc           ######....   1%          1    None
g - Invisibility          Hex            ######..     1%          6    ######.
h - Blink                 Tloc           N/A          1%          2    None
i - Passage of Golubria   Tloc           N/A          1%          4    #......
j - Haste                 Chrm           ######..     4%          6    ######.
k - Discord               Hex            ######....   12%         8    #######


Dungeon Overview and Level Annotations

Branches:
Dungeon (15/15)            Temple (1/1) D:7            Lair (8/8) D:9
  Swamp (4/4) Lair:3       Spider (4/4) Lair:4        Slime (0/6) Lair:7
    Orc (2/2) D:10            Elf (3/3) Orc:2        Vaults (3/5) D:13
  Crypt (0/3) Vaults:2     Depths (0/5) D:15

Altars:
Ashenzari
Cheibriados
Dithmenos
Elyvilon
Fedhas
Gozag
Hepliaklqana
Kikubaaqudgha
Makhleb
Nemelex Xobeh
Okawaru
Pakellas
Qazlal
Ru
Sif Muna
Trog
Uskayaw
Vehumet
Xom
Yredelemnul
Zin
The Shining One
Beogh
Jiyva

Shops:
D:10 }:[[([((==%   D:13 (   Orc:2 *=%*   Vaults:1 (

Portals:
Trove: D:14 (give +4 fire dragon armour)

Annotations:
D:5 zkyp's ghost, novice HuFi
Spider:3 Aizul
Elf:2 3 runed doors


Innate Abilities, Weirdness & Mutations

You are tiny and cannot use many weapons and most armour.
You have supernaturally acute eyesight. (SInv)
You are a herbivore.
You cover ground extremely quickly.
You need consume almost no food.


Message History

The stone giant completely misses you.
A purple ugly thing comes into view.
Casting: Dazzling Spray
Confirm with . or Enter, or press ? or * to list all spells.
Aiming: Dazzling Spray
Press: ? - help, Shift-Dir - straight line, f/p - stone giant
Aim: a stone giant (lightly wounded)
The spray of energy hits the stone giant.
The stone giant is moderately wounded.
The stone giant hits you!!
* * * LOW HITPOINT WARNING * * *
The purple ugly thing moves out of view.
The purple ugly thing gurgles horribly!
Okay, then.
Evoke which item? (* to show all) (? for menu, Esc to quit)
Zapping:
T - a wand of heal wounds (4/9)
Press: ? - help, Shift-Dir - straight line, f - you, p - stone giant You feel much better.
This wand has 3 charges left.
The stone giant hits you!!!
You die...
Your body crumbles into a pile of gold. # ############# .. #.........>.# ... #.....#.....# uu.C

#....###....# .....
#...........#
......#@.#.....#.)#
.u....C(##.....##.#
......#..#.....#..#
#######...........#
#....###....#
#.....#.....#
#...........#
#######+####'####+####
#
#.....................
.


You could see a stone giant and a purple ugly thing.

Vanquished Creatures
  Asterion (Spider:4)
  The ghost of tyrsky the Impregnable, an adept MiBe of Trog (Spider:4)
  A deep elf blademaster (Elf:3)
  2 deep elf master archers (Elf:3)
  2 ancient champions (Vaults:2)
  Agnes (D:14)
  Kirke (Swamp:4)
  2 fire giants (Vaults:3)
  The ghost of Yermak the Severer, a journeyman DDAs of Makhleb (Orc:1)
  2 ghost moths (Spider:4)
  Donald (Elf:3)
  Louise (D:14)
  3 deep elf sorcerers (Elf:3)
  4 vault wardens
  2 deep elf elementalists (Elf:3)
  7 emperor scorpions
  8 ironheart preservers
  A stone giant (Vaults:2)
  Nessos (Lair:6)
  4 deep elf demonologists (Elf:3)
  Azrael (Orc:2)
  A dire elephant (D:15)
  11 deep elf annihilators
  A spark wasp (Spider:4)
  Snorg (D:11)
  6 deep elf death magi (Elf:3)
  An ettin (Vaults:3)
  3 fire dragons (Swamp:4)
  2 deep elf high priests
  7 yaktaur captains
  13 vault guards
  2 entropy weavers (Spider:4)
  2 great orbs of eyes (Vaults:1)
  Erolcha (D:13)
  An ice dragon (Lair:6)
  A death knight (D:8)
  15 hydras
  4 ghost crabs
  A catoblepas (D:15)
  4 centaur warriors
  4 ogre magi
  3 alligators (Swamp:2)
  2 deep troll shamans
  18 death yaks
  3 orc high priests
  A deep troll earth mage (Vaults:2)
  15 deep elf knights
  2 shadow wraiths
  2 fire crabs (Swamp:4)
  10 skeletal warriors
  6 spriggan druids
  4 unseen horrors
  A flayed ghost (Vaults:1)
  12 deep trolls
  7 swamp dragons
  19 deep elf archers
  3 shambling mangroves
  11 hill giants
  A necromancer (Vaults:2)
  2 lindwurms
  An orb spider (shapeshifter) (Elf:1)
  2 ironbrand convokers (Vaults:1)
  12 ugly things
  13 orb spiders
  6 orc knights
  34 wolf spiders
  61 deep elf magi
  2 oklob plants
  A manticore (D:12)
  2 orc sorcerers
  8 hornets
  22 slime creatures
  2 moths of wrath (Spider:4)
  A salamander (D:15)
  4 cyclopes
  2 centaur zombies (D:14)
  8 griffons
  6 black mambas
  21 elephants
  A guardian serpent (shapeshifter) (Elf:3)
  3 ice statues (IceCv)
  A guardian serpent (Lair:8)
  2 torpor snails
  4 centaur skeletons
  22 spiny frogs
  7 vault sentinels
  2 gargoyles (D:12)
  A kobold demonologist (D:14)
  A human zombie (Vaults:2)
  5 komodo dragons
  2 freezing wraiths
  16 yaktaurs
  5 rime drakes
  9 demonic crawlers
  7 trolls
  A polar bear (shapeshifter) (Elf:1)
  9 giant leeches
  4 polar bears
  11 two-headed ogres
  43 jumping spiders
  13 blink frogs
  8 bog bodies
  A harpy skeleton (D:15)
  2 boulder beetles
  72 redbacks
  A redback (shapeshifter) (Vaults:3)
  2 air elementals (Elf:1)
  A shadow (Swamp:4)
  3 spriggans
  A spriggan (shapeshifter) (Vaults:1)
  4 wraiths
  7 wyverns
  A yak (shapeshifter) (Elf:2)
  7 fire elementals
  41 tarantellas
  5 water elementals
  26 yaks
  2 hogs (Swamp:4)
  39 vampire mosquitoes
  7 basilisks
  2 steam dragons
  5 wargs
  3 mottled dragons (Swamp:4)
  10 hippogriffs
  10 swamp worms
  7 hungry ghosts
  22 water moccasins
  11 insubstantial wisps
  A soldier ant (D:15)
  A harpy simulacrum (D:15)
  4 hell hounds
  A giant eyeball (shapeshifter) (Elf:2)
  41 orc warriors
  12 ice beasts
  20 porcupines
  2 black bears
  An elf zombie (Vaults:2)
  12 swamp drakes
  17 wasps
  An eye of draining (shapeshifter) (Vaults:3)
  An eye of draining (D:13)
  2 phantoms
  4 sky beasts
  A necrophage (D:13)
  A boggart (Vaults:2)
  19 centaurs
  25 wolves
  27 ogres
  17 crocodiles
  An elf skeleton (Vaults:2)
  8 big kobolds
  18 giant frogs
  A wyvern zombie (D:13)
  5 earth elementals
  2 wyvern skeletons
  10 scorpions
  26 wights
  5 howler monkeys
  10 electric eels
  6 crimson imps
  2 giant frog zombies
  A quasit (D:8)
  3 hounds
  16 orc priests
  5 giant frog skeletons
  4 jellies
  24 orc wizards
  Natasha (thrice) (D:4)
  14 iguanas
  14 hell rats
  12 worker ants
  24 sheep
  2 giant frog simulacra (D:8)
  A hound zombie (D:9)
  A killer bee simulacrum (D:8)
  4 worker ant zombies
  10 gnolls
  27 adders
  43 river rats
  5 shadow imps
  7 white imps (D:8)
  2 ufetubi (D:8)
  3 oozes
  An adder zombie (D:8)
  An adder skeleton (D:10)
  4 worms
  A dart slug (D:2)
  5 giant geckos
  84 orcs
  3 giant cockroaches
  7 goblins
  6 hobgoblins
  2 jackals (D:8)
  8 quokkas
  6 bats
  3 giant newts
  A jackal skeleton (D:6)
  28 kobolds
  18 rats
  2 butterflies
  A fire vortex (Swamp:4)
  A fungus (Lair:8)
1638 creatures vanquished.

Vanquished Creatures (collateral kills)
  An ironheart preserver (Vaults:3)
  An ogre mage (Vaults:3)
  2 deep trolls (Vaults:1)
  An ironbrand convoker (Vaults:1)
  An orc knight (Vaults:3)
  A necromancer (Vaults:3)
  2 vault sentinels (Vaults:3)
  A yaktaur (Vaults:3)
  A boulder beetle (Vaults:1)
  A glowing shapeshifter simulacrum (Vaults:3)
  An orc priest (Vaults:3)
  3 orcs (Vaults:3)
16 creatures vanquished.

Vanquished Creatures (others)
  A deep elf elementalist (Elf:3)
  A vault guard (Vaults:1)
  A great orb of eyes (Vaults:1)
  13 dancing weapons
  A deep troll (Vaults:1)
  2 swamp dragons (Swamp:4)
  A deep elf mage (Vaults:3)
  A yaktaur (Vaults:3)
  A tarantella (Spider:3)
  A wraith (D:14)
  A human (Swamp:4)
  A mottled dragon (Swamp:4)
  4 swamp drakes (Swamp:4)
  A bush (Lair:7)
  15 fungi
  23 plants
68 creatures vanquished.

Grand Total: 1722 creatures vanquished

Notes
Turn   | Place    | Note
--------------------------------------------------------------
     0 | D:1      | epen the Spriggan Enchanter began the quest for the Orb.
     0 | D:1      | Reached XP level 1. HP: 9/9 MP: 5/5
   189 | D:1      | Reached XP level 2. HP: 12/13 MP: 6/6
   193 | D:1      | Learned a level 2 spell: Ensorcelled Hibernation
   213 | D:1      | Reached skill level 4 in Hexes
   752 | D:2      | Reached XP level 3. HP: 16/16 MP: 0/8
   772 | D:2      | Learned a level 3 spell: Confuse
  1348 | D:2      | Found a glowing silver altar of Zin.
  1348 | D:2      | Found a basalt altar of Yredelemnul.
  1394 | D:2      | Reached XP level 4. HP: 17/21 MP: 0/9
  1397 | D:2      | Reached skill level 1 in Fighting
  1402 | D:2      | Learned a level 3 spell: Tukima's Dance
  1981 | D:3      | Found a burning altar of Makhleb.
  1981 | D:3      | Noticed a blizzard demon
  2108 | D:4      | Reached XP level 5. HP: 25/25 MP: 11/11
  2253 | D:4      | Noticed an ogre
  2282 | D:4      | Killed an ogre
  2282 | D:4      | Reached skill level 5 in Stealth
  2282 | D:4      | Reached skill level 5 in Hexes
  2564 | D:4      | Noticed a sky beast
  2596 | D:4      | Reached XP level 6. HP: 26/30 MP: 5/12
  2624 | D:4      | Killed a sky beast
  3097 | D:4      | Noticed Natasha
  3105 | D:4      | Killed Natasha
  3177 | D:4      | Noticed Natasha
  3194 | D:4      | Killed Natasha
  3194 | D:4      | Reached XP level 7. HP: 35/35 MP: 13/14
  3332 | D:4      | Noticed Natasha
  3353 | D:4      | Killed Natasha
  3353 | D:4      | Reached skill level 6 in Hexes
  3498 | D:5      | Entered Level 5 of the Dungeon
  3528 | D:5      | Found a stormy altar of Qazlal.
  3562 | D:5      | Reached skill level 5 in Dodging
  3754 | D:5      | Noticed zkyp's ghost (novice HuFi)
  4321 | D:5      | PIDOOOOOOOOR
  4330 | D:5      | PIDOOOOOOR'
  4559 | D:6      | Reached skill level 5 in Short Blades
  4559 | D:6      | Reached XP level 8. HP: 34/39 MP: 15/15
  4800 | D:6      | Reached skill level 7 in Hexes
  4854 | D:6      | Got a twisted cloak
  4860 | D:6      | Identified the +0 cloak of Loss {rF+ Int+2} (You found it on level 6 of the Dungeon)
  5163 | D:6      | Reached skill level 5 in Spellcasting
  5729 | D:7      | Reached skill level 8 in Hexes
  5832 | D:7      | Found an oddly glowing altar of Pakellas.
  5834 | D:7      | Found a snail-covered altar of Cheibriados.
  5838 | D:7      | Found a radiant altar of Vehumet.
  5859 | D:7      | Found a staircase to the Ecumenical Temple.
  5869 | Temple   | Entered the Ecumenical Temple
  6016 | D:7      | Reached XP level 9. HP: 44/44 MP: 17/17
  6292 | D:7      | Found an opulent altar of Gozag.
  6327 | D:7      | Became a worshipper of Gozag Ym Sagoz the Greedy
  6379 | D:8      | Found a blossoming altar of Fedhas.
  6557 | D:8      | Noticed an unseen horror
  6570 | D:8      | Killed an unseen horror
  6570 | D:8      | Reached skill level 9 in Hexes
  6796 | D:8      | Noticed a polar bear
  6804 | D:8      | Killed a polar bear
  7228 | D:8      | Learned a level 3 spell: Dazzling Spray
  7260 | D:8      | Reached XP level 10. HP: 49/49 MP: 20/20
  7524 | D:8      | Noticed a hill giant
  7538 | D:8      | Killed a hill giant
  7703 | D:8      | Reached skill level 10 in Hexes
  7721 | D:8      | Noticed a death knight
  7723 | D:8      | Killed a death knight
  7742 | D:8      | Got a jewelled battleaxe
  8075 | D:8      | Identified the +5 battleaxe of Zeelaw {flame, rC+ Str+4 Dex+2} (You found it on level 8 of the Dungeon)
  8351 | D:9      | Reached skill level 1 in Throwing
  8361 | D:9      | Found a staircase to the Lair.
  8365 | D:9      | Reached skill level 10 in Stealth
  8434 | D:9      | Got a creamy pearl robe
  8561 | D:9      | Reached skill level 1 in Conjurations
  8646 | D:9      | Noticed a brown ugly thing
  8656 | D:9      | Killed a brown ugly thing
  8656 | D:9      | Reached skill level 11 in Hexes
  8656 | D:9      | Reached XP level 11. HP: 54/54 MP: 22/22
  8822 | D:9      | Found a sacrificial altar of Ru.
  9045 | D:9      | Identified the +1 robe of God Told Me To {MR+ Regen+ Dex-5} (You found it on level 9 of the Dungeon)
  9075 | D:9      | Gained mutation: You regenerate slowly when monsters are visible. [potion of mutation]
  9075 | D:9      | Gained mutation: You are somewhat resistant to further mutation. [potion of mutation]
  9075 | D:9      | Gained mutation: You are clumsy. (Dex -2) [potion of mutation]
  9076 | D:9      | Gained mutation: You are occasionally teleported next to monsters. [potion of mutation]
  9076 | D:9      | Gained mutation: Your system is resistant to poisons. (rPois) [potion of mutation]
  9078 | D:10     | Entered Level 10 of the Dungeon
  9110 | D:10     | Found Godulura's Food Shoppe.
  9510 | D:10     | Found a staircase to the Orcish Mines.
  9939 | D:11     | Noticed Snorg
  9943 | D:11     | Killed Snorg
  9993 | D:11     | Noticed a hill giant
 10027 | D:11     | Killed a hill giant
 10027 | D:11     | Reached skill level 10 in Short Blades
 10121 | D:11     | Reached skill level 5 in Fighting
 10268 | D:11     | Noticed a hill giant
 10300 | D:11     | Killed a hill giant
 10802 | D:12     | Noticed a red ugly thing
 10824 | D:12     | Killed a red ugly thing
 10828 | D:12     | Noticed a brown ugly thing
 10853 | D:12     | Killed a brown ugly thing
 10853 | D:12     | Reached skill level 10 in Dodging
 10853 | D:12     | Reached skill level 12 in Hexes
 10855 | D:12     | Reached XP level 12. HP: 59/60 MP: 24/24
 11879 | Lair:1   | Entered Level 1 of the Lair of Beasts
 12153 | Lair:1   | Learned a level 2 spell: Repel Missiles
 12876 | Lair:2   | Noticed a five-headed hydra
 12904 | Lair:2   | Killed a five-headed hydra
 13284 | Lair:2   | Got a faintly glowing giant club
 13285 | Lair:2   | Identified the +7 giant club "Xililiu" {speed, +Blink rC+ MR-} (You found it on level 2 of the Lair of Beasts)
 13286 | Lair:2   | Lost mutation: You regenerate slowly when monsters are visible. [potion of mutation]
 14347 | Lair:3   | Reached skill level 13 in Hexes
 14869 | Lair:3   | Found a staircase to the Swamp.
 15404 | Lair:3   | Noticed a six-headed hydra
 15498 | Lair:3   | Killed a six-headed hydra
 15578 | Lair:4   | Learned a level 1 spell: Apportation
 15711 | Lair:4   | Reached skill level 1 in Translocations
 15711 | Lair:4   | Reached XP level 13. HP: 43/65 MP: 24/27
 16178 | Lair:4   | Found a hole to the Spider Nest.
 16710 | Lair:5   | Reached skill level 1 in Charms
 17413 | Lair:5   | Reached skill level 5 in Throwing
 17440 | Lair:6   | Found a frozen archway.
 17524 | IceCv    | Entered an ice cave
 19117 | Lair:6   | Noticed Nessos
 19259 | Lair:6   | Killed Nessos
 20075 | Lair:7   | Upgraded the game from 0.19-a0-559-ga3d69d0 to 0.19-a0-585-ge40200b
 20147 | Lair:7   | Reached skill level 14 in Hexes
 20522 | Lair:7   | Reached skill level 5 in Translocations
 20537 | Lair:7   | Reached XP level 14. HP: 53/70 MP: 0/28
 20946 | Lair:7   | Found a viscous altar of Jiyva.
 20946 | Lair:7   | Found a staircase to the Slime Pits.
 21357 | Lair:7   | Reached skill level 5 in Charms
 21659 | Lair:8   | Entered Level 8 of the Lair of Beasts
 21848 | Lair:8   | Reached skill level 10 in Spellcasting
 22670 | Lair:8   | Identified a scroll of acquirement
 22671 | Lair:8   | Got an encrusted quick blade
 22675 | Lair:8   | Identified the +11 quick blade of Midwinter {vamp, rF+ Stlth+} (You acquired it on level 8 of the Lair of Beasts)
 24637 | Lair:8   | Reached XP level 15. HP: 75/75 MP: 24/30
 25152 | Orc:1    | Entered Level 1 of the Orcish Mines
 25188 | Orc:1    | Noticed Yermak's ghost (journeyman DDAs)
 25239 | Orc:1    | Killed Yermak's ghost
 25239 | Orc:1    | Reached skill level 15 in Hexes
 25695 | Orc:1    | Found a roughly hewn altar of Beogh.
 25949 | Orc:2    | Entered Level 2 of the Orcish Mines
 26052 | Orc:2    | Found a staircase to the Elven Halls.
 26214 | Orc:2    | Noticed Azrael
 26352 | Orc:2    | Killed Azrael
 26771 | Orc:2    | Found Bech's Food Shop.
 26771 | Orc:2    | Found Miyra's Jewellery Emporium.
 26773 | Orc:2    | Found Hucvot's Assorted Antiques.
 26775 | Orc:2    | Found Commyor's General Store.
 26779 | Orc:2    | Bought a potion of agility for 64 gold pieces
 26779 | Orc:2    | Bought a scroll of identify for 32 gold pieces
 26779 | Orc:2    | Bought a scroll of magic mapping for 56 gold pieces
 26779 | Orc:2    | Bought a potion of agility for 64 gold pieces
 26784 | Orc:2    | Bought a potion of curing for 63 gold pieces
 26784 | Orc:2    | Bought a sedimented blue potion for 18 gold pieces
 26784 | Orc:2    | Bought a scroll of teleportation for 63 gold pieces
 26784 | Orc:2    | Bought a scroll of fear for 73 gold pieces
 26784 | Orc:2    | Bought a paperback book for 315 gold pieces
 26792 | Orc:2    | Learned a level 6 spell: Invisibility
 27880 | D:10     | Bought the +0 mask of the Dragon {MR+ Slay+3 SInv} for 601 gold pieces
 27900 | D:10     | Bought the amulet of the Four Winds {rN+ MR+++ Clar} for 478 gold pieces
 27949 | D:13     | Found a shimmering altar of Xom.
 27977 | D:13     | Found Ehu Rija's Antique Weapon Shop.
 28160 | D:13     | Noticed Erolcha
 28162 | D:13     | Killed Erolcha
 28162 | D:13     | Reached skill level 5 in Conjurations
 28455 | D:13     | Got a shimmering brass amulet
 28456 | D:13     | Identified the amulet "Xady" {Inacc +Blink rC+ Int-2} (You found it on level 13 of the Dungeon)
 28518 | D:14     | Noticed Agnes
 28536 | D:14     | Killed Agnes
 28812 | D:14     | Found a portal to a secret trove of treasure.
 28837 | D:14     | Found a shadowy altar of Dithmenos.
 28977 | D:13     | Lost mutation: You are clumsy. (Dex -2) [potion of cure mutation]
 28977 | D:13     | Lost mutation: Your system is resistant to poisons. (rPois) [potion of cure mutation]
 28977 | D:13     | Lost mutation: You are occasionally teleported next to monsters. [potion of cure mutation]
 28977 | D:13     | Lost mutation: You are somewhat resistant to further mutation. [potion of cure mutation]
 29006 | D:13     | Found a gate to the Vaults.
 29594 | D:14     | Noticed Louise
 29608 | D:14     | Killed Louise
 29788 | D:14     | Found a snail-covered altar of Cheibriados.
 29881 | D:15     | Entered Level 15 of the Dungeon
 30600 | D:15     | Reached XP level 16. HP: 81/81 MP: 23/32
 30739 | D:15     | Found a staircase to the Depths.
 30899 | D:15     | Upgraded the game from 0.19-a0-585-ge40200b to 0.19-a0-593-gf2cdb02
 31134 | Elf:1    | Entered Level 1 of the Elven Halls
 31340 | Elf:1    | You fall through a shaft!
 31548 | Elf:1    | Learned a level 2 spell: Blink
 31673 | Elf:1    | Learned a level 4 spell: Passage of Golubria
 31862 | Elf:1    | Reached skill level 15 in Stealth
 31984 | Elf:1    | Reached skill level 16 in Hexes
 32678 | Elf:2    | HP: 1/81 [deep elf knight/short sword (17)]
 33944 | Elf:2    | Found a runed gate.
 33944 | Elf:2    | Found a runed gate.
 33944 | Elf:2    | Found a runed gate.
 34102 | Elf:3    | Entered Level 3 of the Elven Halls
 34195 | Elf:3    | Reached skill level 10 in Charms
 34421 | Elf:3    | Reached skill level 1 in Shields
 34514 | Elf:3    | Reached XP level 17. HP: 74/86 MP: 30/33
 35050 | Elf:3    | Noticed Donald
 35058 | Elf:3    | Killed Donald
 35361 | Elf:3    | Noticed a deep elf blademaster
 35362 | Elf:3    | Noticed a deep elf master archer
 35662 | Elf:3    | Killed a deep elf master archer
 35943 | Elf:3    | Reached skill level 10 in Translocations
 36561 | Elf:3    | Noticed a deep elf master archer
 36575 | Elf:3    | Killed a deep elf master archer
 36576 | Elf:3    | Noticed a deep elf blademaster
 36585 | Elf:3    | Killed a deep elf blademaster
 37359 | Elf:3    | Noticed a Tzitzimitl
 37576 | Elf:3    | Reached skill level 15 in Short Blades
 37678 | Elf:3    | Noticed a Hell Sentinel
 37787 | Elf:3    | Identified the Volume of Conjuration and Calling
 37872 | Elf:3    | Got a vibrating marble ring
 37875 | Elf:3    | Identified the ring of Kufrecs {Wiz Dex+2} (You took it off a deep elf annihilator on level 3 of the Elven Halls)
 39108 | Swamp:1  | Entered Level 1 of the Swamp
 39525 | Swamp:1  | Found a stormy altar of Qazlal.
 39531 | Swamp:1  | Reached skill level 1 in Air Magic
 40072 | Swamp:2  | Reached skill level 1 in Evocations
 40474 | Swamp:2  | Reached XP level 18. HP: 91/91 MP: 31/35
 40483 | Swamp:2  | Reached skill level 17 in Hexes
 41065 | Swamp:2  | Gained mutation: You expend magic power (3 MP) to strengthen your wands. [potion of mutation]
 41065 | Swamp:2  | Gained mutation: You are frail. (-10% HP) [potion of mutation]
 41065 | Swamp:2  | Gained mutation: You possess an exceptional clarity of mind. [potion of mutation]
 41066 | Swamp:2  | Lost mutation: You are frail. (-10% HP) [potion of cure mutation]
 41066 | Swamp:2  | Lost mutation: You possess an exceptional clarity of mind. [potion of cure mutation]
 41066 | Swamp:2  | Lost mutation: You expend magic power (3 MP) to strengthen your wands. [potion of cure mutation]
 41645 | Swamp:3  | Identified the Catalogue of Snow and Intoxication
 41653 | Swamp:3  | Learned a level 6 spell: Haste
 41662 | Swamp:3  | Learned a level 8 spell: Discord
 42350 | Swamp:4  | Entered Level 4 of the Swamp
 42697 | Swamp:4  | Got a decaying rune of Zot
 43011 | Swamp:4  | Noticed Kirke
 43229 | Swamp:4  | Killed Kirke
 43519 | Swamp:4  | Reached skill level 15 in Dodging
 44112 | Spider:1 | Entered Level 1 of the Spider Nest
 44769 | Spider:1 | OPEN PLS
 45169 | Spider:2 | Reached skill level 5 in Shields
 46744 | Spider:3 | Reached XP level 19. HP: 96/96 MP: 36/36
 47194 | Spider:3 | Noticed Aizul
 47414 | Spider:4 | Entered Level 4 of the Spider Nest
 48081 | Spider:4 | Noticed Asterion
 48093 | Spider:4 | Killed Asterion
 48321 | Spider:4 | Got a faintly glowing cloak
 48322 | Spider:4 | Identified the +2 cloak "Toipronnai" {Str+2 Dex+4} (You found it on level 4 of the Spider Nest)
 48354 | Spider:4 | Noticed tyrsky's ghost (adept MiBe)
 48383 | Spider:4 | Killed tyrsky's ghost
 48383 | Spider:4 | Reached skill level 10 in Throwing
 48939 | Spider:4 | Reached skill level 18 in Hexes
 49122 | Spider:4 | Got a gossamer rune of Zot
 49777 | Vaults:1 | Entered Level 1 of the Vaults
 50286 | Vaults:1 | Found Ysoe's Weapon Emporium.
 50578 | Vaults:1 | Reached skill level 5 in Evocations
 51785 | Vaults:1 | Reached XP level 20. HP: 101/101 MP: 38/38
 52794 | Vaults:2 | Found a staircase to the Crypt.
 54706 | Vaults:3 | Slain by a stone giant

Vault maps used:
D:1:      grunt_arrival_crossed_arrows, minmay_fountain_box
D:2:      gammafunk_temple_overflow_elements
D:3:      grunt_decor_arrowhead, makhleb_altar_promises_db
D:4:      uniq_natasha
D:5:      lemuel_round_altar, first_bread, serial_bayou_pond_b
D:7:      grunt_gozag_breadcrumbs, grunt_temple_overflow_open,
          minmay_temple_entry_glass
D:8:      kennysheep_windowed_halls, fedhas_altar_2, serial_ice, serial_ice_f,
          serial_ice_i, serial_ice_d, serial_ice_a, serial_ice_h, serial_ice_b,
          serial_ice_n, serial_ice_m
D:9:      nicolae_ru_sacrificial_ziggurat, minmay_lair_entry_lava
D:10:     minmay_orc_entry_guard_dogs, serial_shops, shop
D:11:     kennysheep_blocky_hall, minmay_misc_feat_cross, uniq_snorg
D:12:     blue_anna_alchemist
D:13:     erik_vaults_2, basic_altar, serial_shops, shop, uniq_erolcha
D:14:     enter_trove_6, hangedman_feature_mirror, minivault_14, uniq_agnes,
          uniq_louise
D:15:     hangedman_depths_entry_try_elsewhere_first, serial_park_avenue1,
          nicolae_two_hexagons
Temple:   circular_temple_12
Lair:1:   beast_lair_carwin_1
Lair:2:   minmay_lair_oklob_items, lemuel_old_faithful
Lair:3:   swamp_mist, grunt_megastairs_3, lemuel_fruit_tree
Lair:4:   kennysheep_abandoned_house, dummy_spider_entry, serial_bayou_pond_e,
          serial_bayou_ford_a, serial_bayou_lake_a, serial_bayou_shore_b
Lair:5:   minivault_24, lemuel_fruit_fields
Lair:6:   portal_ice_cave_entry_animals_and_master, grunt_megastairs_1,
          lemuel_fruit_fields, uniq_nessos
Lair:7:   dpeg_slime_entry_enclosed_altar, lemuel_fruit_fields
Lair:8:   hangedman_lair_tendril_chambers, nicolae_quartered_pool_medium
Swamp:1:  basic_altar
Swamp:2:  nicolae_swamp_stair_fork, swamp_pool5
Swamp:3:  evilmike_swamp_ruin_rubble_2, swamp_pool3
Swamp:4:  swamp_fiery, infiniplex_staircase_pool_2, uniq_kirke
Spider:1: nicolae_spider_mines_3
Spider:3: uniq_aizul
Spider:4: grunt_spider_rune_circles, uniq_asterion
Orc:1:    kennysheep_orc_chapel
Orc:2:    st_orc_rangers, nicolae_orc_damp_corner, uniq_azrael
Elf:1:    eino_elf_arrival_the_gate, minivault_28
Elf:2:    st_stairs_8, spider_trap, kennysheep_underground_church
Elf:3:    grunt_elf_hall_asides, uniq_donald
Vaults:1: v_misc_22, nicolae_vaults_network_s, vaults_dpeg_hooks, serial_ice_m,
          nicolae_vaults_rhombus_7, v_rooms_4, nicolae_vaults_murderbox,
          vaults_dpeg_doors, grunt_vaults_focal, v_misc_5, v_misc_18,
          vaults_room_grunt_arrival_checkpoint, ontoclasm_vaults_loading_screen,
          serial_shops, shop
Vaults:2: hangedman_vaults_unwind, ontoclasm_vaults_shuriken,
          nicolae_vaults_three_branches, v_misc_25, stair_cage_open,
          vaults_room_hallway, minmay_crypt_entry_simple_round
Vaults:3: ontoclasm_vaults_decontamination, v_misc_8, v_alt_pattern_4,
          vaults_mumra_hexcomb, nicolae_vaults_angled_halls,
          ontoclasm_vaults_misaligned, v_misc_31, v_misc_9,
          ontoclasm_vaults_ring_small, vaults_mumra_hex, vaults_room_semicircle
IceCv:    ice_cave_statue_garden_chambered

Skill      XL: |  1  2  3  4  5  6  7  8  9 10 11 12 13 14 15 16 17 18 19 20 |
---------------+-------------------------------------------------------------+-----
Spellcasting   | 3 4 5 6 7 9 10 11 12 13 | 13.4
Hexes          | 4 5 6 8 9 11 12 13 14 15 16 17 18 | 18.7
Short Blades   | 2 3 4 5 6 8 9 10 11 12 13 14 15 16 | 16.7
Fighting       | 1 2 3 4 5 6 7 8 9 |  9.8
Dodging        | 4 5 6 7 8 10 11 12 13 14 15 | 15.9
Stealth        | 5 6 7 9 10 11 12 13 14 15 16 17 | 17.1
Throwing       | 1 3 4 5 6 7 8 9 10 | 10.6
Conjurations   | 1 2 3 4 5 6 |  6.2
Translocations | 1 5 6 8 9 10 11 12 | 12.9
Charms         | 4 6 8 10 11 12 | 12.9
Shields        | 1 3 5 6 |  6.9
Air Magic      | 1 3 4 |  4.8
Evocations     | 1 3 5 6 |  6.0

Action                   |  1- 3 |  4- 6 |  7- 9 | 10-12 | 13-15 | 16-18 | 19-21 || total
-------------------------+-------+-------+-------+-------+-------+-------+-------++-------
Melee: Dagger            |    75 |   206 |   289 |   794 |   810 |       |       ||  2174
       Quick blade       |       |       |       |       |   909 |  1578 |   986 ||  3473
 Cast: Ensorcelled Hiber |    10 |     4 |     3 |       |    32 |       |       ||    49
       Confuse           |     7 |    21 |    50 |   157 |   326 |   105 |    96 ||   762
       Dazzling Spray    |       |       |       |    25 |   208 |   160 |    77 ||   470
       Repel Missiles    |       |       |       |     1 |     6 |     1 |     1 ||     9
       Invisibility      |       |       |       |       |     2 |    24 |     7 ||    33
       Blink             |       |       |       |       |       |     3 |       ||     3
       Haste             |       |       |       |       |       |     2 |       ||     2
       Discord           |       |       |       |       |       |       |     3 ||     3
Invok: Call Merchant     |       |       |       |       |     4 |     4 |     2 ||    10
Evoke: Wand              |       |       |       |     8 |       |     1 |     1 ||    10
  Use: Scroll            |       |       |       |    26 |    19 |    10 |     2 ||    57
       Potion            |       |       |       |     3 |     3 |     7 |       ||    13
 Stab: Sleeping          |    22 |    18 |    25 |    69 |    85 |    99 |    25 ||   343
       Confused          |     2 |    11 |    18 |    79 |   196 |    65 |    71 ||   442
       Invisible         |       |       |       |     6 |    51 |   169 |    83 ||   309
       Distracted        |       |       |       |    10 |    19 |    14 |    31 ||    74
  Eat: Pizza             |       |     1 |       |     1 |     2 |       |       ||     4
       Bread ration      |       |     1 |       |     1 |     3 |     5 |     2 ||    12
       Royal jelly       |       |       |     1 |     1 |     1 |     1 |       ||     4
       Fruit             |       |       |       |     1 |       |     2 |     1 ||     4
Armor: Robe              |    10 |    12 |       |       |       |       |       ||    22
       Troll leather arm |       |     2 |    18 |    23 |    45 |    24 |    23 ||   135
Dodge: Dodged            |    60 |   116 |   135 |   304 |   845 |   613 |   498 ||  2571
       Deflected         |       |       |       |       |    14 |     1 |     5 ||    20
